 Dungeon Crawl Stone Soup version 0.18-a0-1147-g8e8348b (webtiles) character file.

411 st0uf the Changer (level 6, -2/47 HPs)
             Began as a Draconian Transmuter on Jan 22, 2016.
             Slain by a killer bee (3 damage)
             ... on level 6 of the Dungeon on Jan 23, 2016.
             The game lasted 00:10:32 (2262 turns).

st0uf the Changer (Draconian Transmuter)            Turns: 2262, Time: 00:10:32

Health: -2/47      AC:  2    Str: 12    XL:     6   Next: 58%
Magic:  7/9        EV: 21    Int: 15    God:
Gold:   117        SH:  0    Dex: 17    Spells: 3 memorised, 3 levels left

rFire  . . .     SeeInvis .       - Unarmed
rCold  . . .     Gourm    .     (armour unavailable)
rNeg   . . .     Faith    .     (shield currently unavailable)
rPois  x         Spirit   .     (helmet currently unavailable)
rElec  .         Dismiss  .     (cloak currently unavailable)
rCorr  .         Reflect  .     (gloves currently unavailable)
SustAt .         Harm     .     (boots currently unavailable)
MR     .....                    (no amulet)
Stlth  ++........               (no ring)
                                (no ring)

@: lethally poisoned (-2 -> -54), spider-form, not resistant to hostile
enchantments, unstealthy
A: unfitting armour, (cold-blooded), AC +6
a: End Transformation


You were on level 6 of the Dungeon.
You were very hungry.
You were a venomous arachnid creature.
You visited 1 branch of the dungeon, and saw 6 of its levels.

You collected 117 gold pieces.

Inventory:

Missiles
 a - 12 arrows
 d - 13 arrows of flame
 t - 16 arrows of dispersal
Jewellery
 q - a +3 ring of strength {unknown}
Wands
 o - a wand of fire (6/15)
Scrolls
 e - 2 scrolls of teleportation {unknown}
 f - a scroll of enchant armour {unknown}
 g - a scroll of fear {unknown}
 h - 2 scrolls of enchant weapon {unknown}
 j - 4 scrolls of identify {unknown}
 k - a scroll of amnesia {unknown}
 l - 2 scrolls of recharging {unknown}
 p - a scroll of immolation {unknown}
Potions
 i - a potion of haste {unknown}
 m - 2 potions of poison {unknown}
 r - a potion of cancellation {unknown}
 s - 4 potions of curing {unknown}
Books
 b - a book of Changes

   Spells                             Type                      Level
   a - Beastly Appendage              Transmutation                1
   b - Sticks to Snakes               Transmutation                2
   c - Spider Form                    Transmutation/Poison         3
   d - Ice Form                       Ice/Transmutation            4
   e - Blade Hands                    Transmutation                5
Comestibles
 c - 3 bread rations
 n - a beef jerky


   Skills:
 - Level 1.1 Fighting
 + Level 3.4 Dodging
 + Level 4.4 Unarmed Combat
 - Level 2.0 Spellcasting
 * Level 5.1 Transmutations
 + Level 1.1 Poison Magic


You had 3 spell levels left.
You knew the following spells:

 Your Spells              Type           Power        Failure   Level  Hunger
a - Beastly Appendage     Trmt           ###...       10%         1    #......
b - Sticks to Snakes      Trmt           ###.....     14%         2    ###....
c - Spider Form           Trmt/Pois      ##........   41%         3    ###....


Dungeon Overview and Level Annotations

Branches:
Dungeon (6/15)
 Temple: D:4-7

Altars:

Annotations:
D:3 Ijyb, Robin
D:5 Edmund


Innate Abilities, Weirdness & Mutations

((Your plain brown scales are hard (AC +6).))
Your body does not fit into most forms of armour.
((You are cold-blooded and may be slowed by cold attacks.))


Message History

You bite the killer bee!
The killer bee is heavily wounded.
You feel sick. The killer bee closely misses you. The killer bee misses you.
The killer bee completely misses you. The killer bee barely misses you.
The killer bee closely misses you. The killer bee misses you.
The killer bee completely misses you.
You closely miss the killer bee.
The killer bee is heavily wounded.
You feel sick. The killer bee completely misses you. The killer bee misses you.
The killer bee stings you!
You are more poisoned.
The killer bee poisons you! The killer bee completely misses you.
The killer bee stings you.
You are more poisoned.
The killer bee poisons you! The killer bee stings you!
* * * LOW HITPOINT WARNING * * *
The killer bee stings you.
* * * LOW HITPOINT WARNING * * *
The killer bee stings you.
You die...

### #.y #+##
#.y .... #..
...# #.. #.J#
#+###.. #..#
#......##y.##
#......ys...+
#......yy...#
#####..##...#
#..##...#
#..#....#
#..#....#
#..#<...#
#..#....#
######


You could see a jelly and 4 killer bees.

Vanquished Creatures
  An ogre (D:4)
  A scorpion (D:5)
  The ghost of Borgoz the Sneak, a weakling KoAs (D:3)
  A crimson imp (D:5)
  A giant frog zombie (D:5)
  A giant frog skeleton (D:5)
  An orc wizard (D:3)
  An iguana (D:5)
  A worker ant (D:5)
  An adder (D:5)
  2 oozes (D:2)
  3 worms
  A giant gecko (D:2)
  4 orcs (D:3)
  2 giant cockroaches
  7 goblins (D:2)
  6 hobgoblins
  2 giant newts
  2 kobolds
  8 rats
47 creatures vanquished.

Notes
Turn   | Place    | Note
--------------------------------------------------------------
     0 | D:1      | st0uf the Draconian Transmuter began the quest for the Orb.
     0 | D:1      | Reached XP level 1. HP: 16/16 MP: 3/3
   215 | D:1      | Reached XP level 2. HP: 23/23 MP: 3/5
   224 | D:1      | HP: 1/23 [giant cockroach (2)]
   779 | D:2      | Reached XP level 3. HP: 28/28 MP: 3/6
   783 | D:2      | Learned a level 2 spell: Sticks to Snakes
   787 | D:2      | Learned a level 3 spell: Spider Form
   826 | D:3      | Noticed Ijyb
   826 | D:3      | Noticed Robin
  1280 | D:3      | Reached XP level 4. HP: 26/35 MP: 3/7
  1398 | D:3      | Noticed Borgoz's ghost (weakling KoAs)
  1413 | D:3      | Killed Borgoz's ghost
  1413 | D:3      | Reached skill level 4 in Unarmed Combat
  1543 | D:3      | Noticed a phantom
  1632 | D:4      | Noticed an ogre
  1758 | D:4      | Killed an ogre
  1758 | D:4      | Reached XP level 5. HP: 40/40 MP: 0/8
  1789 | D:5      | Entered Level 5 of the Dungeon
  1816 | D:5      | Reached XP level 6. HP: 39/47 MP: 4/9
  2061 | D:5      | Reached skill level 5 in Transmutations
  2085 | D:5      | Reached skill level 1 in Poison Magic
  2236 | D:5      | Noticed Edmund
  2262 | D:6      | HP: 1/47 [killer bee (6)]
  2262 | D:6      | Slain by a killer bee

Vault maps used:
D:1:      tarquinn_simple_flora_water_c, serial_bayou_crossing
D:2:      st_stairs_9
D:3:      okawaru_altar_gauntlet_db, minitemple, uniq_iyjb, uniq_jessica,
          uniq_robin
D:4:      serial_shops, nicolae_shop_trees, first_bread
D:5:      uniq_edmund
D:6:      fedhas_altar_2, nemelex_xobeh_ov_fountains_minmay, vehumet_statue,
          minmay_temple_entry_statues_fountains, gup_sewer_entry_glass

Action                   |  1- 3 |  4- 6 || total
-------------------------+-------+-------++-------
Melee: Unarmed           |    97 |    88 ||   185
 Cast: Beastly Appendage |    23 |     4 ||    27
       Spider Form       |     2 |     6 ||     8
 Stab: Sleeping          |     1 |       ||     1
  Eat: Chunk             |     2 |     2 ||     4
       Pizza             |       |     1 ||     1
